 Dungeon Crawl Stone Soup version 0.22-a0-565-gfc6459a (webtiles) character file.

1505 Amnesiac the Prestidigitator (level 8, -1/40 HPs)
             Began as a Spriggan Wanderer on June 28, 2018.
             Was an Initiate of Gozag.
             Succumbed to an orc warrior's poison
             ... on level 7 of the Dungeon.
             The game lasted 00:17:35 (8762 turns).

Amnesiac the Prestidigitator (Spriggan Wanderer)    Turns: 8762, Time: 00:17:36

Health: -1/40      AC:  4    Str: 10    XL:     8   Next: 52%
Magic:  16/16      EV: 22    Int: 20    God:    Gozag
Gold:   573        SH:  0    Dex: 13    Spells: 7/7 levels left

rFire    + . .     SeeInvis +   a - +0 short sword
rCold    + . .     Gourm    .   (shield restricted)
rNeg     . . .     Faith    .   d - +2 robe {rC+}
rPois    .         Spirit   .   (helmet restricted)
rElec    .         Reflect  .   (no cloak)
rCorr    .         Harm     .   (gloves unavailable)
MR       +....                  (boots unavailable)
Stlth    +++.......             (no amulet)
HPRegen  0.13/turn              g - +4 ring of intelligence
MPRegen  0.15/turn              n - ring of protection from fire

@: lethally poisoned (-1 -> -26), very quick
A: very small, unfitting armour, see invisible, herbivore, speed 3, slow
metabolism 2
a: Potion Petition, Call Merchant, Bribe Branch, Renounce Religion


You were on level 7 of the Dungeon.
You worshipped Gozag.
Gozag was pleased with you.
You were not hungry.

You visited 2 branches of the dungeon, and saw 9 of its levels.

You collected 654 gold pieces.
You paid 81 gold pieces to Gozag.

Inventory:

Hand Weapons
 a - a +0 short sword (weapon)
 b - a +1 blowgun
 w - a +0 dagger
Missiles
 e - 3 throwing nets (quivered)
 q - 4 curare-tipped needles
Armour
 d - a +2 robe of cold resistance (worn)
Magical Staves
 s - an uncursed staff of fire
Jewellery
 g - a +4 ring of intelligence (left hand)
 j - an uncursed ring of wizardry
 n - a ring of protection from fire (right hand)
 G - an uncursed amulet of the acrobat {unknown}
Wands
 c - a wand of polymorph (11)
 h - a wand of disintegration (8)
 p - a wand of flame (15)
 C - a wand of iceblast (11)
 H - a wand of scattershot (8)
Scrolls
 r - a scroll of enchant armour {!r}
 t - 2 scrolls of remove curse {!r}
 y - 2 scrolls of fog {!r}
 B - a scroll of magic mapping {!r}
 D - a scroll of blinking {!r}
 E - a scroll of identify {!r}
 F - a scroll of teleportation {!r}
Potions
 i - a potion of flight {!q}
 k - a potion of cancellation {!q}
 l - a potion of curing {!q}
 m - a potion of agility {!q, unknown}
 o - a potion of might {!q}
 u - a potion of heal wounds {!q}
 v - a potion of magic {!q}
 x - a potion of ambrosia {!q, unknown}
 z - a potion of berserk rage {!q, unknown}
 A - a potion of resistance {!q, unknown}
Comestibles
 f - 7 rations


   Skills:
 - Level 3.2 Fighting
 - Level 4.6 Short Blades
 - Level 8.0 Dodging
 - Level 4.6 Stealth
   Level 1.0 Shields
 * Level 10.1 Evocations


You had 7 spell levels left.
You didn't know any spells.
Your spell library was empty.

Dungeon Overview and Level Annotations

Branches:
Dungeon (8/15)             Temple (1/1) D:5
   Lair: D:8-11

Altars:
Ashenzari
Dithmenos
Elyvilon
Fedhas
Gozag
Kikubaaqudgha
Makhleb
Nemelex Xobeh
Okawaru
Ru
Uskayaw
Vehumet
Xom
Yredelemnul
Zin


Innate Abilities, Weirdness & Mutations

You are very small and have problems with some larger weapons.
You are too small for most types of armour.
You have supernaturally acute eyesight. (SInv)
You are a herbivore.
You cover ground extremely quickly.
You need to consume almost no food.


Message History

You closely miss the orc.
Evoke which item? (* to show all) (? for menu, Esc to quit)
Aiming: Throw Flame
Press: ? - help, Shift-Dir - straight line, f - orc
Aim: an orc, wielding a mace and wearing a leather armour The puff of flame hits the orc.
You kill the orc!
You now have 560 gold pieces (gained 5).
Things that are here:
a mace; a leather armour You start resting.
Really read
I - a scroll labeled SUSEOX CARAQ {!r}?
As you read the scroll labeled SUSEOX CARAQ {!r}, it crumbles to dust.
It is a scroll of enchant weapon.
Your +0 blowgun glows red for a moment.
You start resting.
HP restored.
You now have 566 gold pieces (gained 6).
E - a scroll of identify {!r} An ooze comes into view.
You strike the helpless ooze from behind!
You puncture the ooze!
The ooze is almost dead.
The ooze closely misses you.
You completely miss the ooze.
The ooze is almost dead.
The ooze completely misses you.
You barely miss the ooze.
The ooze is almost dead.
The ooze hits you.
You hit the ooze but do no damage.
The ooze is almost dead.
The ooze misses you.
You hit the ooze.
You kill the ooze!
Found a stone staircase leading up.
You now have 573 gold pieces (gained 7).
You are feeling hungry.
F - a scroll of teleportation {!r} You eat one of the 9 rations.
That ration really hit the spot!
You eat one of the 8 rations.
That ration really hit the spot!
There is a stone staircase leading up here.
You climb upwards.
You hear the sound of rushing water.
There is an entrance to a sewer on this level.
Hurry and find it before the portal rusts away!
The shadow imp shouts, "Get thee gone, thou puking weather-bitten minnow reeky!"
An orc, an orc warrior, an orc priest and an orc wizard come into view.
The orc warrior is wielding a short sword of venom.
The orc shouts!
The orc wizard shouts!
The orc warrior shouts!
The orc priest shouts!
Found a scroll of identify and a robe.
There is a stone staircase leading down here.
Unknown command.
Unknown command.
The orc wizard gestures at you while chanting.
The magic dart hits you!
The orc priest invokes the aid of Beogh against you.
Beogh smites you! The orc closely misses you.
The orc warrior hits you with a short sword of venom!!
* * * LOW HITPOINT WARNING * * *
You are lethally poisoned!
You climb downwards.
You die...
Your body crumbles into a pile of gold.

# #.#..# #..#
#.#..# #..# #.#..#
#?Z### ..#..#
#...(. ####..#
##.### #.....# #.#
#.##.## #.# #.##.#
#.# #@...# #.# #.
#oo###### ###.###
###.##.......##
#...... ..
..............#
#.#.### #..#
####.##.####..#
#.#.# #..#
#...#......# #.#.#
#..#
#.##.####..###.#.#
#..#
#.....###........#
..#
#..............###


You could see an orc warrior and an orc.

Vanquished Creatures
  A hippogriff (D:8)
  An ice beast (D:5)
  A swamp drake (D:8)
  A centaur (D:8)
  A boggart (D:5)
  A big kobold (D:4)
  A bullfrog (D:8)
  2 scorpions (D:5)
  A water moccasin skeleton (D:4)
  2 howler monkeys (D:3)
  2 crimson imps
  A bullfrog zombie (D:5)
  An orc priest (D:7)
  3 hounds
  An orc wizard (D:7)
  4 bullfrog skeletons
  2 iguanas (D:5)
  A worker ant (D:5)
  A worker ant zombie (D:4)
  Robin (D:2)
  A gnoll (D:4)
  5 adders
  3 oozes
  2 worms (D:3)
  2 dart slugs
  10 orcs
  4 giant cockroaches
  16 goblins
  10 hobgoblins
  8 jackals
  2 ball pythons
  5 bats
  3 frilled lizards
  3 kobolds
  6 rats
109 creatures vanquished.

Notes
Turn   | Place    | Note
-------+----------+-------------------------------------------
     0 | D:1      | Amnesiac the Spriggan Wanderer began the quest for the Orb.
     0 | D:1      | Amnesiac set off with: a +0 robe, 3 throwing nets, a +0 short sword, a +0 robe, a +0 dagger, a ration
     0 | D:1      | Reached XP level 1. HP: 12/12 MP: 2/2
   265 | D:2      | Noticed Robin
   297 | D:2      | Reached XP level 2. HP: 9/16 MP: 3/3
   797 | D:2      | Killed Robin
   797 | D:2      | Reached XP level 3. HP: 12/20 MP: 4/4
   885 | D:3      | Found a shadowy altar of Dithmenos.
   891 | D:3      | Reached skill level 1 in Evocations
   957 | D:4      | Noticed a big kobold
  1146 | D:4      | Found a radiant altar of Vehumet.
  1149 | D:4      | Noticed Sigmund
  1168 | D:4      | Reached skill level 2 in Evocations
  1168 | D:4      | Reached XP level 4. HP: 7/24 MP: 6/6
  1180 | D:4      | Noticed Sigmund
  1180 | D:4      | Sigmund changed into Sigmund the adder
  1183 | D:4      | HP: 1/24 [Sigmund the adder (4)]
  2306 | D:4      | Reached XP level 5. HP: 12/28 MP: 6/8
  2511 | D:4      | Reached skill level 3 in Evocations
  3240 | D:3      | Reached skill level 4 in Evocations
  3240 | D:3      | Reached XP level 6. HP: 5/32 MP: 8/10
  4342 | D:5      | Entered Level 5 of the Dungeon
  4372 | D:5      | Reached skill level 5 in Evocations
  4555 | D:5      | Noticed an ice beast
  4562 | D:5      | Killed an ice beast
  4562 | D:5      | Reached skill level 5 in Dodging
  4562 | D:5      | Reached XP level 7. HP: 36/36 MP: 10/12
  4584 | D:5      | Reached skill level 6 in Evocations
  5049 | D:5      | Found a staircase to the Ecumenical Temple.
  5059 | Temple   | Entered the Ecumenical Temple
  5317 | Temple   | Became a worshipper of Gozag Ym Sagoz the Greedy
  7309 | D:3      | Killed Sigmund the adder
  7309 | D:3      | Reached skill level 7 in Evocations
  7946 | D:5      | You fall through a shaft for 3 floors!
  7946 | D:8      | Noticed a hippogriff
  7971 | D:8      | Reached skill level 8 in Evocations
  8033 | D:8      | Killed a hippogriff
  8033 | D:8      | Reached XP level 8. HP: 35/40 MP: 15/15
  8099 | D:8      | Reached skill level 9 in Evocations
  8289 | D:7      | Reached skill level 10 in Evocations
  8761 | D:6      | HP: 2/40 [orc warrior/short sword of venom (19)]
  8762 | D:7      | Succumbed to an orc warrior's poison

Vault maps used:
D:1:      dpeg_arrival_brainrot, minmay_misc_feat_square, minmay_box_of_dots
D:2:      kennysheep_nondescript, uniq_robin
D:3:      grunt_dithmenos_smoke
D:4:      vehumet_crystals, uniq_sigmund
D:5:      led_sif_pool, temple_fountains, first_ration
D:6:      cheibriados_altar_1, portal_sewer_entry_e, uniq_pikel
D:7:      tso_altar, nicolae_overflow_hidden_temple, basic_altar,
          uniq_crazy_yiuf_cottage
D:8:      old_standard_altar, serial_shops, kennysheep_mini
Temple:   nicolae_temple_figure_eight

Skill      XL: |  1  2  3  4  5  6  7  8 |
---------------+-------------------------+-----
Short Blades   | 2 3 4 |  4.6
Evocations     | 2 4 5 8 10 | 10.1
Dodging        | 3 4 5 7 8 |  8.0
Stealth        | 4 |  4.6
Fighting       | |  3.2
Shields        | |  1.0

Action                   |  1- 3 |  4- 6 |  7- 9 || total
-------------------------+-------+-------+-------++-------
Melee: Short sword       |    87 |   229 |   328 ||   644
       Dagger            |    23 |     7 |     4 ||    34
 Fire: Blowgun           |       |       |    11 ||    11
Evoke: Wand              |       |    19 |    17 ||    36
  Use: Potion            |     2 |     2 |       ||     4
       Scroll            |       |       |    15 ||    15
 Stab: Sleeping          |     7 |       |    18 ||    25
       Distracted        |       |     1 |     1 ||     2
  Eat: Ration            |       |     1 |     4 ||     5
Armor: Robe              |     5 |       |    24 ||    29
       Animal skin       |     2 |    15 |     6 ||    23
Dodge: Dodged            |    65 |   186 |   265 ||   516

Table legend:
 A = Spawn XP
 B = Non-spawn XP
 C = Spawn XP percentage of total XP
 D = Spawn monster count
 E = Non-spawn monster count
 F = Spawn count percentage of total count
 G = Total turns spent on level
                    A         B        C        D         E        F      G
               +---------+---------+-------+---------+---------+-------+---------
         Total |       0 |    2150 |   0.0 |       0 |     109 |   0.0 |  8762
               +---------+---------+-------+---------+---------+-------+---------
           D:1 |       0 |      31 |   0.0 |       0 |      15 |   0.0 |  1007
           D:2 |       0 |      77 |   0.0 |       0 |      30 |   0.0 |  1475
           D:3 |       0 |     259 |   0.0 |       0 |      25 |   0.0 |  2183
           D:4 |       0 |     297 |   0.0 |       0 |      12 |   0.0 |  2452
           D:5 |       0 |     652 |   0.0 |       0 |      13 |   0.0 |   553
           D:7 |       0 |     134 |   0.0 |       0 |       7 |   0.0 |   505
           D:8 |       0 |     700 |   0.0 |       0 |       7 |   0.0 |   309
               +---------+---------+-------+---------+---------+-------+---------
